 Dungeon Crawl Stone Soup version 0.29-a0-1033-gb6c65ffae6 (webtiles) character file.

Game seed: 5851926743963135406

147 Manisian the Sneak (level 5, -2/24 HPs)
             Began as a Spriggan Enchanter on Aug 14, 2022.
             Frozen to death by an endoplasm (4 damage)
             ... on level 3 of the Dungeon.
             The game lasted 00:06:22 (4113 turns).

Manisian the Sneak (Spriggan Enchanter)             Turns: 4113, Time: 00:06:22

Health: -2/24      AC:  4    Str:  4    XL:     5   Next: 7%
Magic:  11/11      EV: 17    Int: 18    God:
Gold:   131        SH:  5    Dex: 16    Spells: 2/10 levels left

rFire   . . .      SeeInvis +   g - +0 dagger (venom)
rCold   . . .      Faith    .   (no shield)
rNeg    . . .      Spirit   .   b - +0 robe
rPois   .          Reflect  +   (helmet restricted)
rElec   .          Harm     .   j - +1 cloak
rCorr   .          Rampage  .   (gloves unavailable)
Will    .....                   (boots unavailable)
Stlth   +++.......              i - amulet of reflection
HPRegen 0.08/turn               (no ring)
MPRegen 0.12/turn               (no ring)

@: very quick
A: very small, no large weapons, unfitting armour, see invisible, speed 3
a: no special abilities


You were on level 3 of the Dungeon.
You visited 1 branch of the dungeon, and saw 4 of its levels.

You collected 131 gold pieces.

Inventory:

Hand Weapons
 a - a +1 dagger
 g - a +0 dagger of venom (weapon)
Armour
 b - a +0 robe (worn)
 j - a +1 cloak (worn)
Jewellery
 i - an amulet of reflection (around neck)
 m - a ring of wizardry
Potions
 c - a potion of invisibility
 d - 2 potions of heal wounds
 e - a potion of curing {unknown}
 f - a potion of attraction {unknown}
 h - 3 potions of brilliance
 k - 2 potions of resistance {unknown}
 l - a potion of haste {unknown}


   Skills:
 + Level 0.2 Fighting
 + Level 1.8 Short Blades
 - Level 3.0 Dodging
 - Level 6.0 Stealth
 + Level 0.3 Shields
 + Level 3.4 Spellcasting
 + Level 4.6 Hexes
 + Level 1.2 Ice Magic


You had 2 spell levels left.
You knew the following spells:

 Your Spells              Type           Power      Damage    Failure   Level
a - Ensorcelled Hibernat  Hex/Ice        26%        N/A       7%          2
b - Confusing Touch       Hex            19%        N/A       7%          3
c - Dazzling Flash        Conj/Hex       22%        N/A       19%         3

Your spell library contained the following spells:

 Spells                   Type           Power      Damage    Failure   Level
 Apportation              Tloc           6%         N/A       16%         1
 Necrotise                Necr           12%        1d4       16%         1
 Summon Small Mammal      Summ           12%        N/A       16%         1
 Blink                    Tloc           6%         N/A       24%         2
 Tukima's Dance           Hex            19%        N/A       7%          3
 Portal Projectile        Hex/Tloc       22%        N/A       19%         3
 Lesser Beckoning         Tloc           3%         N/A       43%         3
 Blade Hands              Tmut           1%         N/A       99%         5
 Manifold Assault         Tloc           3%         N/A       99%         5


Dungeon Overview and Level Annotations

Branches:
Dungeon (4/15)
 Temple: D:4-7

Altars:

Shops:
D:1 (

Annotations:
D:4 Robin


Innate Abilities, Weirdness & Mutations

You are very small and have problems with some larger weapons.
You are too small for most types of armour.
You have supernaturally acute eyesight. (SInv)
You cover ground extremely quickly. (Speed+++)


Message History

You climb upwards.
You flicker for a moment.
There is a stone staircase leading down here.
You are too injured to fight recklessly!
Unknown command.
You are too injured to fight recklessly!
You hit the kobold.
The kobold is severely wounded.
The kobold hits you but does no damage.
You hit the kobold but do no damage.
The kobold is poisoned.
The kobold is severely wounded.
You kill the kobold!
The hobgoblin misses you. The hobgoblin closely misses you.
The goblin closely misses you. The endoplasm freezes you.
You are frozen.
You hit the endoplasm.
The endoplasm is heavily wounded.
The hobgoblin hits you but does no damage.
The hobgoblin misses you. The goblin barely misses you.
The endoplasm completely misses you.
Unknown command.
You completely miss the endoplasm.
The endoplasm is heavily wounded.
The hobgoblin hits you.
* * * LOW HITPOINT WARNING * * *
You block the hobgoblin's attack. The goblin misses you.
You block the endoplasm's attack.
Unknown command.
You hit the endoplasm.
You punch the endoplasm, but do no damage.
The endoplasm is severely wounded.
You flicker back into view.
The hobgoblin hits you.
* * * LOW HITPOINT WARNING * * *
The hobgoblin misses you. The goblin hits you with a +0 club.
* * * LOW HITPOINT WARNING * * *
The endoplasm freezes you.
You are frozen.
You die...

#......# #......# ###.####
#.# #########.#########
####.........รท)......#######
#....#######.#######.##.....
#....[....g.g...............
#..>......J@g...............
#.........))######.#.##.....
#.....#####.# #)#.##.....
#.....#)....# #.#.##.....
##.##.#.#.#.# #.#.#######
#.##.#.....# #.#.#######
#.##.#.#...# ##..........
#.##.#.#.#.#####...........
#.##.#.#......#.....#######


You could see an endoplasm, 2 hobgoblins and a goblin.

Vanquished Creatures
  3 gnolls (D:3)
  5 adders
  A worm (D:3)
  6 bats
  8 endoplasms
  3 giant cockroaches
  10 goblins
  7 hobgoblins
  9 kobolds
  3 quokkas
  5 ball pythons
  3 frilled lizards
  4 rats
67 creatures vanquished.

Vanquished Creatures (others)
  A plant (D:4)
1 creature vanquished.

Grand Total: 68 creatures vanquished

Notes
Turn   | Place    | Note
-------+----------+-------------------------------------------
     0 | D:1      | Manisian the Spriggan Enchanter began the quest for the
                  | Orb.
     0 | D:1      | Reached XP level 1. HP: 9/9 MP: 5/5
   442 | D:1      | Reached XP level 2. HP: 13/13 MP: 6/6
   447 | D:1      | Learned a level 2 spell: Ensorcelled Hibernation
   628 | D:1      | Reached skill level 5 in Stealth
   658 | D:1      | Found Azollip's Weapon Boutique.
   850 | D:1      | Found a faded altar of an unknown god.
  1521 | D:2      | Reached XP level 3. HP: 16/16 MP: 5/8
  2548 | D:2      | Learned a level 3 spell: Confusing Touch
  2552 | D:2      | Learned a level 3 spell: Dazzling Flash
  2708 | D:3      | Reached XP level 4. HP: 21/21 MP: 6/9
  2731 | D:2      | Reached skill level 6 in Stealth
  2916 | D:3      | Reached skill level 1 in Ice Magic
  3876 | D:4      | Noticed Robin
  4007 | D:3      | Reached XP level 5. HP: 22/24 MP: 2/11
  4113 | D:3      | Frozen to death by an endoplasm

Illustrated notes

Levels and vault maps discovered:
D:1:      ebering_trefoil_3fold, layout_loops_ring, serial_shops, shop,
          chequers_ecumenical_altar_simple_redux
D:2:      minmay_general_purpose_star, layout_basic
D:3:      layout_basic
D:4:      layout_cave_pools, nemelex_dance_club_becter, serial_bayou_pond_a,
          uniq_blork_the_orc, uniq_robin

Skill      XL: |  1  2  3  4 |
---------------+-------------+-----
Hexes          | 4 |  4.6
Stealth        | 5 6 |  6.0
Dodging        | 3 |  3.0
Spellcasting   | 3 |  3.4
Ice Magic      | 1 |  1.2
Fighting       | |  0.2
Short Blades   | |  1.8
Shields        | |  0.3

Action                   |  1- 3 |  4- 6 || total
-------------------------+-------+-------++-------
Melee: Dagger            |    70 |    53 ||   123
       Punch             |       |     1 ||     1
 Cast: Ensorcelled Hiber |    21 |    21 ||    42
  Use: Scroll            |     8 |       ||     8
       Potion            |       |     2 ||     2
 Stab: Sleeping          |    26 |    13 ||    39
       Invisible         |       |     2 ||     2
Armor: Robe              |     7 |    12 ||    19
Dodge: Dodged            |    36 |    69 ||   105
Block: Other             |     7 |    27 ||    34
       Reflection        |       |     1 ||     1

Table legend: (Time is in decaauts)
 A = Elapsed time spent in this place.
 B = Non-inter-level travel time spent in this place.
 C = Inter-level travel time spent in this place.
 D = Time resting spent in this place.
 E = Time spent auto-exploring this place.
 F = Levels seen in this place.
 G = Mean time per level.
                   A        B        C        D        E       F      G
               +--------+--------+--------+--------+--------+-----+--------+
         Total |   3167 |   2964 |    203 |    518 |   1962 |   4 |  791.8 |
       Dungeon |   3167 |   2964 |    203 |    518 |   1962 |   4 |  791.8 |
               +--------+--------+--------+--------+--------+-----+--------+

Top non-repeatable levels by time:
     D:2: 1187 daAuts
     D:1: 1048 daAuts
     D:3: 918 daAuts
     D:4: 12 daAuts
